 Seeded DCSS version 0.28-a0-1447-ga5a8893891 (webtiles) character file.

Game seed: 18446744073709551615 (custom seed)

46 Destinykillz the Skirmisher (level 3, -2/31 HPs)
             Began as a Draconian Fighter on Jan 11, 2022.
             Was a Believer of Vehumet.
             Slain by a gnoll (7 damage)
             ... on level 2 of the Dungeon.
             The game lasted 00:02:27 (930 turns).

Destinykillz the Skirmisher (Draconian Fighter)      Turns: 930, Time: 00:02:28

Health: -2/31      AC:  5    Str: 20    XL:     3   Next: 44%
Magic:  3/3        EV: 12    Int:  8    God:    Vehumet [**....]
Gold:   27         SH:  4    Dex: 10    Spells: 2/2 levels left

rFire   . . .      SeeInvis .   a - +0 rapier
rCold   . . .      Faith    .   b - +0 buckler
rNeg    . . .      Spirit   .   (armour unavailable)
rPois   .          Reflect  .   (helmet restricted)
rElec   .          Harm     .   (no cloak)
rCorr   .          Rampage  .   (no gloves)
Will    .....                   (no boots)
Stlth   +.........              (no amulet)
HPRegen 0.10/turn               f - ring of wizardry
MPRegen 0.08/turn               (no ring)

@: no status effects
A: AC +5, unfitting armour, cold-blooded
a: Renounce Religion


You were on level 2 of the Dungeon.
You worshipped Vehumet.
Vehumet was pleased with you.
You visited 1 branch of the dungeon, and saw 2 of its levels.

You collected 27 gold pieces.

Inventory:

Hand Weapons
 a - a +0 rapier (weapon)
Armour
 b - a +0 buckler (worn)
Jewellery
 f - a ring of wizardry (left hand)
Scrolls
 e - 2 scrolls of teleportation {unknown}
 g - a scroll of amnesia {unknown}
Potions
 c - 2 potions of might
 d - a potion of flight {unknown}


   Skills:
 + Level 3.6 Fighting
 * Level 2.6 Short Blades
 + Level 3.0 Dodging
 * Level 3.5 Shields
 + Level 0.1 Spellcasting


You had 2 spell levels left.
You didn't know any spells.
Your spell library was empty.

Dungeon Overview and Level Annotations

Branches:
Dungeon (2/15)

Altars:
Vehumet


Innate Abilities, Weirdness & Mutations

Your plain brown scales are hard. (AC +5)
You cannot fit into any form of body armour.
You are cold-blooded and may be slowed by cold attacks.


Message History

You feel yourself speed up.
Found 6 gold pieces.
Things that are here:
a +0 dagger; a goblin corpse; a worm corpse You now have 27 gold pieces (gained 6).
A gnoll comes into view. It is wielding a +0 flail.
The gnoll shouts!
The gnoll throws a throwing net.
You block the throwing net.
A gnoll comes into view. It is wielding a +0 spear.
You see here a throwing net.
The gnoll shouts!
A gnoll comes into view. It is wielding a +0 spear.
The gnoll shouts!
A gnoll comes into view. It is wielding a +0 whip.
Things that are here:
a +0 dagger; a goblin corpse; a worm corpse The gnoll hits you from afar with a +0 spear.
You block the gnoll's attack.
You puncture the gnoll!
The gnoll is heavily wounded.
The gnoll closely misses you.
You hit the gnoll.
You kill the gnoll!
Vehumet accepts your kill. The gnoll closely misses you.
The gnoll hits you with a +0 spear!
* * * LOW HITPOINT WARNING * * *
Things that are here:
a +0 spear; a gnoll corpse You puncture the gnoll!
The gnoll is heavily wounded.
The gnoll hits you with a +0 spear.
* * * LOW HITPOINT WARNING * * *
You hit the gnoll.
The gnoll is severely wounded.
The gnoll completely misses you.
You closely miss the gnoll.
The gnoll is severely wounded.
The gnoll hits you with a +0 spear!
You die...

#############
######.......)...#
.......#########.#
#.# ######## #@#
##g##.# # #g#
#....g. # #g#
#..##g# # ##.##
#..##.## #
#####...#####g. ...
#
#.....#....##.###.#
#
#.###...##.##.#.#.#
# ##.....gg.g..(# #
#####.##.#.###


You could see 2 gnolls.

Vanquished Creatures
  A gnoll (D:2)
  A worm (D:2)
  3 endoplasms
  2 giant cockroaches
  4 hobgoblins
  4 jackals (D:1)
  3 ball pythons
  A frilled lizard (D:1)
  5 goblins
  2 kobolds (D:1)
  3 rats
29 creatures vanquished.

Notes
Turn   | Place    | Note
-------+----------+-------------------------------------------
     0 | D:1      | Destinykillz the Draconian Fighter began the quest for the
                  | Orb.
     0 | D:1      | Reached XP level 1. HP: 19/19 MP: 1/1
    24 | D:1      | Found a faded altar of an unknown god.
    42 | D:1      | Prayed at the altar of an unknown god.
    42 | D:1      | Became a worshipper of Vehumet
    42 | D:1      | Reached * piety under Vehumet
    42 | D:1      | Offered knowledge of Sandblast by Vehumet.
   163 | D:1      | Reached XP level 2. HP: 16/26 MP: 2/2
   545 | D:1      | Offered knowledge of Searing Ray by Vehumet.
   723 | D:2      | Reached ** piety under Vehumet
   761 | D:2      | Reached XP level 3. HP: 29/31 MP: 3/3
   930 | D:2      | Slain by a gnoll

Illustrated notes

Levels and vault maps discovered:
D:1:      erik_arrival_orb_chamber, layout_rooms,
          hellmonk_ecumenical_altar_pennies_from_heaven, corexii_hall_statues_u
D:2:      layout_loops_ring

Skill      XL: |  1  2  3 |
---------------+----------+-----
Dodging        | 3 |  3.0
Fighting       | |  3.6
Short Blades   | |  2.6
Shields        | |  3.5
Spellcasting   | |  0.1

Action                   || total
-------------------------++-------
Melee: Rapier            ||    83
       Tailslap          ||     5
 Stab: Sleeping          ||     1
Armor: Skin              ||    13
Dodge: Dodged            ||    52
Block: Buckler           ||    22

Table legend: (Time is in decaauts)
 A = Elapsed time spent in this place.
 B = Non-inter-level travel time spent in this place.
 C = Inter-level travel time spent in this place.
 D = Time resting spent in this place.
 E = Time spent auto-exploring this place.
 F = Levels seen in this place.
 G = Mean time per level.
                   A        B        C        D        E       F      G
               +--------+--------+--------+--------+--------+-----+--------+
         Total |    945 |    934 |     11 |    149 |    523 |   2 |  472.5 |
       Dungeon |    945 |    934 |     11 |    149 |    523 |   2 |  472.5 |
               +--------+--------+--------+--------+--------+-----+--------+

Top non-repeatable levels by time:
     D:1: 666 daAuts
     D:2: 279 daAuts
